 Dungeon Crawl Stone Soup version 0.29.1-12-g30fa7ad0bf (webtiles) character file.

Game seed: 12941665881555335011

4 Descartes the Chucker (level 1, 0/9 HPs)
             Began as a Spriggan Wanderer on Jan 4, 2023.
             Slain by a jackal (1 damage)
             ... on level 1 of the Dungeon.
             The game lasted 00:03:35 (824 turns).

Descartes the Chucker (Spriggan Wanderer)            Turns: 824, Time: 00:03:36

Health: 0/9        AC:  2    Str: 12    XL:     1   Next: 50%
Magic:  1/3        EV: 16    Int: 13    God:
Gold:   0          SH:  0    Dex: 10    Spells: 1/2 levels left

rFire   . . .      SeeInvis +   a - +0 dagger
rCold   . . .      Faith    .   (no shield)
rNeg    . . .      Spirit   .   f - +0 robe
rPois   .          Reflect  .   (helmet restricted)
rElec   .          Harm     .   (no cloak)
rCorr   .          Rampage  .   (gloves unavailable)
Will    .....                   (boots unavailable)
Stlth   +.........              (no amulet)
HPRegen 0.03/turn               (no ring)
MPRegen 0.08/turn               (no ring)

@: very quick
A: very small, no large weapons, unfitting armour, see invisible, speed 3
a: no special abilities


You were on level 1 of the Dungeon.
You visited 1 branch of the dungeon, and saw 1 of its levels.

Inventory:

Hand Weapons
 a - a +0 dagger (weapon)
Missiles
 c - 11 poisoned darts (quivered)
Armour
 f - a +0 robe (worn)
Scrolls
 g - a scroll of teleportation {unknown}
Potions
 b - a potion of heal wounds
 d - a potion of haste
 e - a potion of berserk rage


   Skills:
 + Level 0.4 Short Blades
 - Level 3.0 Throwing
 + Level 1.7 Dodging
 + Level 0.9 Stealth
 - Level 2.4 Unarmed Combat
 - Level 1.3 Spellcasting
 - Level 1.5 Summonings


You had one spell level left.
You knew the following spells:

 Your Spells              Type           Power      Damage    Failure   Level
a - Summon Small Mammal   Summ           16%        N/A       14%         1

Your spell library contained the following spells:

 Spells                   Type           Power      Damage    Failure   Level
 Call Canine Familiar     Summ           4%         N/A       41%         3


Dungeon Overview and Level Annotations

Branches:
Dungeon (1/15)

Altars:


Innate Abilities, Weirdness & Mutations

You are very small and have problems with some larger weapons.
You are too small for most types of armour.
You have supernaturally acute eyesight. (SInv)
You cover ground extremely quickly. (Speed+++)


Message History

You miscast Summon Small Mammal.
You are very lightly contaminated with residual magic.
Nothing appears to happen.
The jackal barks!
Casting: Summon Small Mammal (safe; 14% risk of failure)
Confirm with . or Enter, or press ? or * to list all spells.
Casting: Summon Small Mammal (safe; 14% risk of failure)
Confirm with . or Enter, or press ? or * to list all spells.
You miscast Summon Small Mammal.
Nothing appears to happen.
The jackal barely misses your rat.
Your rat barely misses the jackal.
The jackal bites your rat.
Your rat dies!
Your rat's corpse disappears in a puff of smoke!
The jackal closely misses you.
You closely miss the jackal. The jackal bites you.
You barely miss the jackal. The jackal closely misses you.
The jackal barely misses you.
You hit the jackal but do no damage. The jackal barely misses you.
You hit the jackal but do no damage. The jackal misses you.
You hit the jackal.
The jackal is moderately wounded.
The jackal misses you. The jackal barely misses you.
You hit the jackal.
The jackal is heavily wounded.
The jackal barely misses you.
You barely miss the jackal.
The jackal is heavily wounded.
The jackal misses you. The jackal closely misses you.
You barely miss the jackal.
The jackal is heavily wounded.
The jackal bites you.
* * * LOW HITPOINT WARNING * * *
You closely miss the jackal.
The jackal is heavily wounded.
The jackal misses you.
Your magical contamination has completely faded away.
You barely miss the jackal.
The jackal is heavily wounded.
The jackal barely misses you. The jackal bites you.
You die...

### #.. #.#########
#.....h...#
#+#######+#######.#
##......h@.## #.# #
#...#####...## #.# #
#.#.#.###.#.#.## #.# # #.
#.##.#.##.##.## #h# # #.
#.###.###.###.###.# #
##.####.##.#.##.####.##.#
#
+......<..###.........+.#
# #..####.###
###.####h.#.# #.#.#.###.#
#.###h#.#.#


You could see a jackal.

Vanquished Creatures
  A jackal (D:1)
  A ball python (D:1)
2 creatures vanquished.

Vanquished Creatures (collateral kills)
  A jackal (D:1)
  A rat (D:1)
2 creatures vanquished.

Grand Total: 4 creatures vanquished

Notes
Turn   | Place    | Note
-------+----------+-------------------------------------------
     0 | D:1      | Descartes the Spriggan Wanderer began the quest for the
                  | Orb.
     0 | D:1      | Descartes set off with the following items: a +0 dagger, a
                  | potion of heal wounds, 11 poisoned darts, a potion of
                  | haste, a potion of berserk rage, a +0 robe; and the
                  | following spell memorised: Summon Small Mammal; and the
                  | following spells available to memorise: Call Canine
                  | Familiar.
     0 | D:1      | Reached XP level 1. HP: 9/9 MP: 3/3
   824 | D:1      | Slain by a jackal

Illustrated notes

Levels and vault maps discovered:
D:1:      roderic_octagonal_star, layout_basic,
          nicolae_ecumenical_snake_handling, serial_shops,
          nicolae_shop_window_shopping

Action                   || total
-------------------------++-------
Melee: Dagger            ||    56
       Punch             ||     1
 Cast: Summon Small Mamm ||    21
Armor: Robe              ||     7
Dodge: Dodged            ||    57
